 Dungeon Crawl Stone Soup version 0.26.0-10-g1f06aea511 (webtiles) character file.

Game seed: 1786840652291318047

2371 Goblin1989 the Grappler (level 9, -4/78 HPs)
             Began as a Ghoul Fighter on Jan 24, 2021.
             Was an Initiate of Gozag.
             Slain by an apocalypse crab (12 damage)
             ... on level 1 of the Abyss.
             The game lasted 00:10:01 (7550 turns).

Goblin1989 the Grappler (Ghoul Fighter)             Turns: 7550, Time: 00:10:02

Health: -4/78      AC:  7    Str: 23    XL:     9   Next: 45%
Magic:  8/8        EV:  8    Int:  3    God:    Gozag
Gold:   250        SH: 10    Dex:  8    Spells: 8/8 levels left

rFire    . . .     SeeInvis .     - Unarmed
rCold    + . .     Faith    .   b - +0 kite shield
rNeg     + + +     Spirit   .   a - +0 scale mail
rPois    ∞         Reflect  .   (no helmet)
rElec    .         Harm     .   (no cloak)
rCorr    .         Rampage  .   (no gloves)
Will     .....                  (no boots)
Stlth    ..........             (no amulet)
HPRegen  0.00/turn              k - ring of wizardry
MPRegen  0.11/turn              (no ring)

@: gold aura, hasted, very quick
A: claws 1, cold resistance 1, negative energy resistance 3, inhibited
regeneration, torment resistance, unbreathing
a: Renounce Religion, Potion Petition, Call Merchant, Bribe Branch


You were on level 1 of the Abyss.
You worshipped Gozag.
Gozag was aware of your devotion.
You visited 2 branches of the dungeon, and saw 8 of its levels.
You visited the Abyss 1 time.

You collected 350 gold pieces.
You paid 100 gold pieces to Gozag.

Inventory:

Hand Weapons
 Y - a +2 hunting sling of freezing
Missiles
 p - 7 javelins (quivered) {@Q2}
 w - 9 poisoned darts
 Z - 2 throwing nets {!d , @Q1}
Armour
 a - a +0 scale mail (worn)
 b - a +0 kite shield (worn)
Jewellery
 k - a ring of wizardry (left claw)
Wands
 s - a wand of paralysis (6) {@v7}
Scrolls
 d - 12 scrolls of identify {unknown}
 g - a scroll of fog {unknown}
 i - 6 scrolls of teleportation {unknown}
 j - 5 scrolls of remove curse {unknown}
 l - a scroll of enchant weapon {unknown}
 n - a scroll of noise {unknown}
 q - a scroll of magic mapping {unknown}
Potions
 c - a potion of might {@q4}
 e - 4 potions of curing {unknown}
 f - 3 potions of lignification {unknown}
 h - 2 potions of heal wounds {unknown}
 m - a potion of ambrosia {unknown}
 o - 2 potions of degeneration {unknown}
 r - a potion of brilliance {unknown}
 t - a potion of flight {unknown}
 u - a potion of mutation {unknown}
 v - 2 potions of haste {unknown}
 X - a potion of magic {unknown}


   Skills:
 + Level 6.8 Fighting
 - Level 2.0 Throwing
 + Level 5.5 Armour
 + Level 5.6 Shields
 * Level 8.7 Unarmed Combat


You had 8 spell levels left.
You didn't know any spells.
Your spell library contained the following spells:

 Spells                   Type           Power        Failure   Level
 Summon Small Mammal      Summ           0%           86%         1
 Call Imp                 Summ           0%           95%         2
 Call Canine Familiar     Summ           0%           99%         3
 Summon Guardian Golem    Hex/Summ       0%           99%         3
 Summon Ice Beast         Ice/Summ       0%           100%        4
 Summon Lightning Spire   Summ/Air       0%           100%        4


Dungeon Overview and Level Annotations

Branches:
Dungeon (7/15)             Temple (1/1) D:7

Altars:
Ashenzari
Cheibriados
Dithmenos
Elyvilon
Fedhas
Gozag
Hepliaklqana
Makhleb
Nemelex Xobeh
Okawaru
Qazlal
Ru
Trog
Wu Jian
Yredelemnul
Zin
The Shining One

Shops:
D:4 =

Annotations:
D:7 Dowan, Duvessa


Innate Abilities, Weirdness & Mutations

You thrive by killing the living.
You are immune to poison.
You have sharp fingernails.
Your flesh is cold resistant. (rC+)
You are immune to negative energy. (rN+++)
You do not regenerate when monsters are visible.
You are immune to unholy pain and torment.
You can survive without breathing.


Message History

You see here a book of Maledictions.
Unknown command.
You claw Duvessa!
Duvessa is moderately wounded.
You scratch Duvessa but do no damage.
Duvessa is moderately wounded.
Duvessa hits you with a +0 short sword of distortion.
You are cast into the Abyss!
To return, you must find a gate leading back.
Killing monsters will force the Abyss to allow you passage.
This branch contains the abyssal rune of Zot.
Found a dire flail.
You take 3 damage, and have 75/78 hp.
Unknown command.
Found 31 gold pieces.
Found a stormy altar of Qazlal.
You now have 227 gold pieces (gained 31).
Health restored: 78
Found 23 gold pieces.
You now have 250 gold pieces (gained 23).
Found a runed hunting sling.
You see here a runed hunting sling.
Y - a runed hunting sling
Found a blue potion.
The ufetubus shouts!
An apocalypse crab comes into view.
You see here a blue potion.
X - a blue potion The ufetubus hits you but does no damage. x2
You closely miss the ufetubus. You block the ufetubus's attack. x2
You barely miss the ufetubus. You block the ufetubus's attack.
The ufetubus hits you but does no damage.
You barely miss the ufetubus. You block the ufetubus's attack.
The ufetubus hits you. The ufetubus closely misses you.
The ufetubus hits you but does no damage.
You take 1 damage, and have 77/78 hp.
You barely miss the ufetubus. You block the ufetubus's attack.
The ufetubus hits you but does no damage.
The apocalypse crab breathes chaos at you.
The blast of chaos misses you.
You closely miss the ufetubus.
You are engulfed in seething chaos.
The ufetubus is engulfed in seething chaos.
The ufetubus hits you.
The ufetubus hits you but does no damage.
The ufetubus is engulfed in seething chaos.
The ufetubus closely misses you. The ufetubus barely misses you.
You take 2 damage, and have 75/78 hp.
You closely miss the ufetubus.
You are engulfed in seething chaos.
The ufetubus is engulfed in seething chaos.
The ufetubus suddenly seems more agile.
You block the ufetubus's attack. The ufetubus barely misses you.
You claw the ufetubus!
You kill the ufetubus!
You are engulfed in seething chaos.
The apocalypse crab is engulfed in seething chaos.
You closely miss the apocalypse crab. The apocalypse crab closely misses you.
The apocalypse crab barely misses you.
You claw the apocalypse crab!
The apocalypse crab is lightly wounded.
The apocalypse crab bites you but does no damage.
The apocalypse crab closely misses you.
You barely miss the apocalypse crab.
The apocalypse crab is lightly wounded.
The apocalypse crab bites you! The apocalypse crab shocks you!
The apocalypse crab claws you. The apocalypse crab freezes you! You resist.
You take 31 damage, and have 44/78 hp.
MASSIVE DAMAGE!!
You scratch the apocalypse crab.
The apocalypse crab is lightly wounded.
You scratch the apocalypse crab but do no damage.
The apocalypse crab is lightly wounded.
You block the apocalypse crab's attack. The apocalypse crab claws you.
The apocalypse crab shocks you!
* * * LOW HITPOINT WARNING * * *
You take 13 damage, and have 31/78 hp.
You claw the apocalypse crab!
The apocalypse crab is moderately wounded.
You block the apocalypse crab's attack. x2
You scratch the apocalypse crab but do no damage.
The apocalypse crab is moderately wounded.
The apocalypse crab bites you.
* * * LOW HITPOINT WARNING * * *
You feel yourself speed up. The apocalypse crab closely misses you.
You take 3 damage, and have 28/78 hp.
You scratch the apocalypse crab.
The apocalypse crab is moderately wounded.
The apocalypse crab bites you.
* * * LOW HITPOINT WARNING * * *
You are engulfed in flames!
* * * LOW HITPOINT WARNING * * *
You block the apocalypse crab's attack.
You take 20 damage, and have 8/78 hp.
MASSIVE DAMAGE!!
Unknown command.
You barely miss the apocalypse crab.
The apocalypse crab is moderately wounded.
You claw the apocalypse crab!
The apocalypse crab is heavily wounded.
You block the apocalypse crab's attack. The apocalypse crab claws you!
You die...
Your body crumbles into a pile of gold.

█████....█.█..█
█...██. . ..██.
████...█.█.......
..........█.██...
. ..█.....█.....█
.
.................
.................
..
.......$@.......
█.
...█....t█.....█
██.. ██...██ ...██
.....█.....█.....█
............
...... ...........
....... ..
.......... . . .
█.....█..... ...
█. .███...███ .


You could see an apocalypse crab.

Vanquished Creatures
  Harold (D:7)
  An orc warrior (D:6)
  A black bear (D:7)
  An ice beast (D:7)
  2 ogres
  3 bullfrogs (D:6)
  A scorpion (D:5)
  7 wights
  An electric eel (D:6)
  3 hounds
  2 orc priests
  2 orc wizards
  A gnoll shaman (D:4)
  2 iguanas
  2 worker ants (D:4)
  A hound zombie (D:5)
  8 adders
  7 gnolls
  2 shadow imps (D:6)
  2 white imps
  An ufetubus (Abyss:1)
  2 oozes
  An adder skeleton (D:4)
  4 worms
  3 dart slugs
  3 leopard geckos
  16 orcs
  3 ball pythons
  11 bats
  4 giant cockroaches
  6 goblins
  12 hobgoblins
  2 jackals (D:6)
  2 quokkas
  A ball python skeleton (D:4)
  3 frilled lizards (D:2)
  8 kobolds
  A leopard gecko skeleton (D:4)
  4 rats
137 creatures vanquished.

Vanquished Creatures (others)
  22 plants (D:6)
22 creatures vanquished.

Grand Total: 159 creatures vanquished

Notes
Turn   | Place    | Note
-------+----------+-------------------------------------------
     0 | D:1      | Goblin1989 the Ghoul Fighter began the quest for the Orb.
     0 | D:1      | Reached XP level 1. HP: 19/19 MP: 0/0
   250 | D:1      | Reached XP level 2. HP: 26/26 MP: 1/1
   886 | D:2      | Reached skill level 3 in Unarmed Combat
   886 | D:2      | Reached XP level 3. HP: 31/31 MP: 2/2
  1303 | D:2      | Reached XP level 4. HP: 27/40 MP: 3/3
  2038 | D:3      | Reached XP level 5. HP: 46/46 MP: 4/4
  2420 | D:3      | Found a burning altar of Makhleb.
  2428 | D:3      | Reached skill level 4 in Unarmed Combat
  2619 | D:3      | Reached skill level 1 in Throwing
  2960 | D:4      | Found a snail-covered altar of Cheibriados.
  3011 | D:4      | Noticed an ogre
  3020 | D:4      | Killed an ogre
  3021 | D:4      | Reached XP level 6. HP: 21/53 MP: 5/5
  3838 | D:4      | Reached skill level 5 in Unarmed Combat
  3838 | D:4      | Reached XP level 7. HP: 23/60 MP: 6/6
  4426 | D:4      | Found Ifuijyerr's Jewellery Boutique.
  4642 | D:5      | Entered Level 5 of the Dungeon
  4880 | D:5      | Reached skill level 5 in Fighting
  5408 | D:6      | Found a glowing silver altar of Zin.
  5473 | D:6      | Reached skill level 6 in Unarmed Combat
  5564 | D:6      | Reached XP level 8. HP: 25/68 MP: 7/7
  6433 | D:6      | Reached skill level 7 in Unarmed Combat
  6745 | D:7      | Noticed Harold
  6767 | D:7      | Killed Harold
  6768 | D:7      | Reached skill level 5 in Armour
  6768 | D:7      | Reached skill level 5 in Shields
  6768 | D:7      | Reached skill level 8 in Unarmed Combat
  6768 | D:7      | Reached XP level 9. HP: 20/78 MP: 8/8
  7230 | D:7      | Found a staircase to the Ecumenical Temple.
  7269 | Temple   | Entered the Ecumenical Temple
  7439 | Temple   | Became a worshipper of Gozag Ym Sagoz the Greedy
  7478 | D:7      | Noticed Duvessa
  7479 | D:7      | Noticed Dowan
  7482 | D:7      | Cast into level 1 of the Abyss (Duvessa)
  7486 | Abyss:1  | Found a stormy altar of Qazlal.
  7528 | Abyss:1  | Noticed an apocalypse crab
  7550 | Abyss:1  | Slain by an apocalypse crab

Illustrated notes

Levels and vault maps discovered:
D:1:      dpeg_arrival_tiny_h, layout_basic, minivault_27, lemuel_old_faithful
D:2:      layout_loops_ring, amcnicky_mini_pool_small, minmay_hedge_maze,
          minmay_misc_feat_iff
D:3:      layout_loops_corners, grunt_ministairs_3, makhleb_blood_cavern_becter
D:4:      layout_layer_cave, serial_shops, nicolae_shop_behind_doors,
          minmay_stone_trees_small, corexii_checkpoint_a,
          minmay_misc_feat_hallway, kennysheep_slug_shrine
D:5:      layout_loops_ring
D:6:      layout_loops_cross, lemuel_round_altar, serial_bayou,
          serial_bayou_pond_b, serial_bayou_pond_c, serial_bayou_pond_a,
          serial_bayou_ford_a
D:7:      layout_loops_ring, grunt_temple_overflow_open,
          minmay_temple_entry_trees, nicolae_water_bricks, uniq_harold,
          uniq_crazy_yiuf_cottage, uniq_duvessa
Temple:   lightli_temple_of_artemis
Abyss:1:  base: D:1, abyss_greek_temple

Skill      XL: |  1  2  3  4  5  6  7  8 |
---------------+-------------------------+-----
Armour         | 3 4 5 |  5.5
Unarmed Combat | 3 4 5 6 8 |  8.7
Shields        | 3 4 5 |  5.6
Fighting       | 4 5 6 |  6.8
Throwing       | 1 2 |  2.0

Action                   |  1- 3 |  4- 6 |  7- 9 || total
-------------------------+-------+-------+-------++-------
Melee: Unarmed           |   160 |   193 |   247 ||   600
  Use: Potion            |       |       |     1 ||     1
Armor: Scale mail        |    62 |    65 |    50 ||   177
Dodge: Dodged            |    43 |    44 |    62 ||   149
Block: Kite shield       |    63 |    76 |    93 ||   232
